 Dungeon Crawl Stone Soup version 0.25-a0-253-g6f1b5d974a (webtiles) character file.

Game seed: 8380224488655340797, levelgen mode: deterministic

56 MirrMurr the Skirmisher (level 3, 0/43 HPs)
             Began as a Demonspawn Berserker on Dec 5, 2019.
             Was a Follower of Trog.
             Slain by an adder (1 damage)
             ... on level 2 of the Dungeon.
             The game lasted 00:04:09 (1034 turns).

MirrMurr the Skirmisher (Demonspawn Berserker)      Turns: 1034, Time: 00:04:09

Health: 0/43       AC: 21    Str: 18    XL:     3   Next: 71%
Magic:  3/3        EV:  2    Int:  8    God:    Trog [*.....]
Gold:   76         SH:  7    Dex: 12    Spells: 2/2 levels left

rFire    . . .     SeeInvis .   a - +0 mace
rCold    . . .     Gourm    .   k - +0 shield
rNeg     + + +     Faith    .   (armour currently unavailable)
rPois    +         Spirit   .   (helmet currently unavailable)
rElec    .         Reflect  .   (cloak currently unavailable)
rCorr    .         Harm     .   (gloves currently unavailable)
MR       .....     NoTele   +   (boots currently unavailable)
Stlth    +.........             (no amulet)
HPRegen  0.14/turn              (no ring)
MPRegen  0.08/turn              (no ring)

@: lethally poisoned (0 -> -5), tree-form, hasted, very quick
A: no striking features
a: Berserk, Renounce Religion


You were on level 2 of the Dungeon.
You worshipped Trog.
Trog was aware of your devotion.
You were not hungry.
You were a tree.
You visited 1 branch of the dungeon, and saw 2 of its levels.

You collected 76 gold pieces.

Inventory:

Hand Weapons
 a - a +0 mace (weapon)
 b - a +0 hunting sling
Missiles
 e - 28 stones (quivered)
 f - 46 sling bullets
 n - a throwing net
Armour
 h - a +0 animal skin (melded)
 k - a +0 shield (worn)
Scrolls
 d - a scroll of fear {unknown}
 j - 4 scrolls of identify {unknown}
 l - a scroll of noise {unknown}
 o - a scroll of fog {unknown}
Potions
 g - 2 potions of lignification
Comestibles
 c - 2 rations
 i - 9 chunks of flesh


   Skills:
 + Level 3.3 Fighting
 * Level 3.3 Maces & Flails
 + Level 2.2 Armour
 + Level 2.2 Dodging
 + Level 0.6 Shields


You had 2 spell levels left.
You didn't know any spells.
Your spell library was empty.

Dungeon Overview and Level Annotations

Branches:
Dungeon (2/15)

Altars:


Innate Abilities, Weirdness & Mutations

((You have a pair of small antennae on your head.))
((You are partially covered in sharp spines.))


Message History

You are too injured to fight recklessly!
* * * LOW HITPOINT WARNING * * *
You feel sick. The adder bites you.
* * * LOW HITPOINT WARNING * * *
You are more poisoned.
The adder poisons you!
Okay, then.
* * * LOW HITPOINT WARNING * * *
You feel sick.
It was a potion of lignification.
You turn into a tree.
Your +0 animal skin melds into your body.
Your roots penetrate the ground.
* * * LOW HITPOINT WARNING * * *
You feel sick. You block the adder's attack.
Unknown command.
It was a potion of haste.
You feel yourself speed up.
* * * LOW HITPOINT WARNING * * *
You feel sick. The adder bites you.
You die...

#......# #.#
#....### #.#
#....# #.#
#....# #.. .#
#..).#########
#..#
#....##......#
####....#
#.....#.####.#
#.......#
###..##.#
#.###w#.......
#.....#
#.♣S..#.#...#.
#.#####
#######.# ###
#. .. #. ## #.
.. #.


You could see a worm and an adder.

Vanquished Creatures
  3 adders (D:2)
  An ooze (D:1)
  A leopard gecko (D:1)
  A ball python (D:1)
  2 bats (D:1)
  A giant cockroach (D:1)
  6 goblins
  4 hobgoblins
  3 frilled lizards (D:2)
  A rat (D:2)
23 creatures vanquished.

Notes
Turn   | Place    | Note
-------+----------+-------------------------------------------
     0 | D:1      | MirrMurr the Demonspawn Berserker began the quest for the
                  | Orb.
     0 | D:1      | Reached XP level 1. HP: 18/18 MP: 1/1
   167 | D:1      | Gained mutation: You are partially covered in sharp spines.
                  | [demonic ancestry]
   167 | D:1      | Reached XP level 2. HP: 7/24 MP: 2/2
   685 | D:1      | You fall into a shaft and drop 1 floor!
   721 | D:2      | Gained mutation: You have a pair of small antennae on your
                  | head. [demonic ancestry]
   721 | D:2      | Reached XP level 3. HP: 20/29 MP: 3/3
  1033 | D:2      | HP: 2/43 [poisoned by an adder]
  1034 | D:2      | Slain by an adder

Levels and vault maps discovered:
D:1:      eino_arrival_cavern_e, layout_rooms, kennysheep_nondescript,
          minmay_misc_feat_diagonals
D:2:      layout_basic

Skill      XL: |  1 |
---------------+----+-----
Maces & Flails | 3 |  3.3
Armour         | 2 |  2.2
Dodging        | 2 |  2.2
Fighting       | |  3.3
Shields        | |  0.6

Action                   || total
-------------------------++-------
Melee: Mace              ||    70
  Use: Potion            ||     2
 Stab: Sleeping          ||     2
Armor: Animal skin       ||     9
Dodge: Dodged            ||    36
Block: Shield            ||    14

Table legend:
 A = Non-vault XP
 B = Vault XP
 C = Vault XP percentage of total XP
 D = Non-vault monster count
 E = Vault monster count
 F = Vault count percentage of total count
                 A         B        C        D         E       F
            +---------+---------+-------+---------+---------+-------
      Total |      81 |       0 |   0.0 |      23 |       0 |   0.0
            +---------+---------+-------+---------+---------+-------
        D:1 |      27 |       0 |   0.0 |      11 |       0 |   0.0
        D:2 |      54 |       0 |   0.0 |      12 |       0 |   0.0
            +---------+---------+-------+---------+---------+-------
